 Dungeon Crawl Stone Soup version 0.28-a0-1435-g82390b3a13 (webtiles) character file.

Game seed: 4663223414694900978

116 hashsling the Digger (level 5, -1/30 HPs)
             Began as a Gargoyle Earth Elementalist on Jan 9, 2022.
             Slain by an iguana (12 damage)
             ... on level 3 of the Dungeon.
             The game lasted 00:19:04 (2457 turns).

hashsling the Digger (Gargoyle Earth Elementalist)  Turns: 2457, Time: 00:19:05

Health: -1/30      AC:  8    Str: 13    XL:     5   Next: 1%
Magic:  8/8        EV: 11    Int: 16    God:
Gold:   81         SH:  0    Dex: 10    Spells: 2/8 levels left

rFire   . . .      SeeInvis .   o - +0 flail
rCold   . . .      Faith    .   l - orb {*Rage}
rNeg    + . .      Spirit   .   n - +0 leather armour
rPois   ∞          Reflect  .   g - +0 helmet
rElec   +          Harm     .   (no cloak)
rCorr   .          Rampage  .   (no gloves)
Will    .....      Rage     20% (no boots)
Stlth   ++........              (no amulet)
HPRegen 0.10/turn               (no ring)
MPRegen 0.11/turn               (no ring)

@: on berserk cooldown, slowed, very slow
A: sickness immunity, AC +4, negative energy resistance 1, electricity
resistance, torment resistance 1, petrification resistance
a: no special abilities


You were on level 3 of the Dungeon.
You visited 1 branch of the dungeon, and saw 3 of its levels.

You collected 81 gold pieces.

Inventory:

Hand Weapons
 a - a +0 mace
 o - a +0 flail (weapon)
Missiles
 c - 12 stones
Armour
 g - a +0 helmet (worn)
 l - an orb of wrath (worn)
 n - a +0 leather armour (worn)
Scrolls
 e - a scroll of magic mapping {unknown}
 f - a scroll of blinking {unknown}
 h - a scroll of identify {unknown}
 i - a scroll of enchant armour {unknown}
 k - a scroll of vulnerability {unknown}
Potions
 d - a potion of heal wounds {unknown}
 j - a potion of might {unknown}
 m - a potion of curing {unknown}


   Skills:
 * Level 1.9 Fighting
 * Level 1.7 Maces & Flails
 * Level 1.2 Armour
 + Level 1.8 Dodging
 - Level 2.5 Stealth
 - Level 1.0 Shields
 - Level 2.0 Spellcasting
 * Level 1.4 Conjurations
 - Level 1.0 Transmutations
 * Level 4.1 Earth Magic


You had 2 spell levels left.
You knew the following spells:

 Your Spells              Type           Power      Damage    Failure   Level
a - Sandblast             Erth           28%        2d8       4%          1
b - Passwall              Tmut/Erth      7%         N/A       14%         2
c - Stone Arrow           Conj/Erth      20%        3d8       26%         3

Your spell library contained the following spells:

 Spells                   Type           Power      Damage    Failure   Level
 Call Canine Familiar     Summ           1%         N/A       61%         3
 Portal Projectile        Hex/Tloc       2%         N/A       61%         3
 Summon Guardian Golem    Hex/Summ       1%         N/A       61%         3
 Petrify                  Tmut/Erth      9%         N/A       67%         4
 Leda's Liquefaction      Hex/Erth       4%         N/A       75%         4
 Orb of Destruction       Conj           3%         9d1       100%        7
 Spellforged Servitor     Conj/Summ      1%         N/A       100%        7


Dungeon Overview and Level Annotations

Branches:
Dungeon (3/15)

Altars:
Ru


Innate Abilities, Weirdness & Mutations

You are immune to sickness and miasma.
Your stone body is resilient. (AC +4)
You are immune to poison.
You resist negative energy. (rN+)
You are resistant to electric shocks. (rElec)
You are resistant to unholy torment.
You are immune to petrification.


Message History

You drop a +0 robe.
You drop a +0 ring mail.
There is a sacrificial altar of Ru here.
You see here a +0 whip.
HP restored.
A giant cockroach comes into view.
Casting: Sandblast (safe; 4% risk of failure)
Confirm with . or Enter, or press ? or * to list all spells.
You can't see any susceptible monsters within range! (Use Z to cast anyway.)
Casting: Sandblast (safe; 4% risk of failure)
Confirm with . or Enter, or press ? or * to list all spells.
Okay, then.
The giant cockroach barely misses you.
You closely miss the giant cockroach. The giant cockroach closely misses you.
The giant cockroach bites you but does no damage.
A red film seems to cover your vision as you go berserk!
You feel yourself moving faster!
You feel mighty!
You thump the giant cockroach!
You kill the giant cockroach!
An iguana comes into view.
You feel a strong urge to attack something.
The iguana hisses angrily.
You feel your anger nearly subside.
You are no longer berserk.
You are exhausted.
You feel yourself slow down. The iguana bites you!
You barely miss the iguana. The iguana bites you.
The iguana bites you but does no damage.
You hit the iguana but do no damage. The iguana closely misses you.
The iguana bites you.
You hit the iguana.
The iguana is moderately wounded.
The iguana bites you. The iguana barely misses you.
You barely miss the iguana.
The iguana is moderately wounded.
The iguana misses you. The iguana closely misses you.
You hit the iguana.
The iguana is heavily wounded.
The iguana bites you!
You die...

#.# #.. #.# #.#
.## #.# ... #.#
#.. #.########
#...#####..†......
#..?l@.......####.
#.......####.#
#..####.# .# ....
#.# #
##############.#
#..............#
#.#####.########
####.#####.###
.............#


You could see an iguana.

Vanquished Creatures
  An orc priest (D:3)
  Robin (D:2)
  2 worms (D:2)
  2 dart slugs
  3 orcs
  4 ball pythons
  3 bats
  2 endoplasms (D:2)
  6 giant cockroaches
  14 goblins
  5 hobgoblins
  3 frilled lizards
  5 kobolds
  10 rats
61 creatures vanquished.

Vanquished Creatures (others)
  6 fungi (D:3)
6 creatures vanquished.

Grand Total: 67 creatures vanquished

Notes
Turn   | Place    | Note
-------+----------+-------------------------------------------
     0 | D:1      | hashsling the Gargoyle Earth Elementalist began the quest
                  | for the Orb.
     0 | D:1      | Reached XP level 1. HP: 10/10 MP: 3/3
   139 | D:1      | Reached XP level 2. HP: 14/15 MP: 5/5
   245 | D:1      | Learned a level 2 spell: Passwall
   507 | D:1      | Reached skill level 1 in Maces & Flails
   869 | D:2      | Reached XP level 3. HP: 20/20 MP: 4/6
  1114 | D:2      | Reached skill level 1 in Fighting
  1386 | D:2      | Reached skill level 1 in Transmutations
  1402 | D:2      | Learned a level 3 spell: Stone Arrow
  1660 | D:2      | Noticed Robin
  1679 | D:2      | Reached skill level 1 in Conjurations
  1683 | D:2      | Reached XP level 4. HP: 12/25 MP: 0/7
  1685 | D:2      | Killed Robin
  1686 | D:2      | Reached skill level 1 in Shields
  2288 | D:3      | Reached skill level 4 in Earth Magic
  2288 | D:3      | Found a sacrificial altar of Ru.
  2306 | D:3      | Reached skill level 1 in Armour
  2318 | D:3      | Reached XP level 5. HP: 17/30 MP: 4/8
  2457 | D:3      | Slain by an iguana

Illustrated notes

Levels and vault maps discovered:
D:1:      lightli_arrival_isolated_outpost, layout_loops_ring,
          minmay_worlds_worst_comb
D:2:      layout_rooms, serial_glass, glass_columns_b, glass_columns_b,
          glass_columns_a, glass_columns_a, glass_columns_b, glass_columns_a,
          glass_columns_a, glass_columns_a, minmay_misc_feat_tower, uniq_robin
D:3:      kennysheep_the_goblin_king, layout_basic,
          mainiacjoe_overflow_six_doors_small,
          mainiacjoe_overflow_cross_hatched,
          hellmonk_ecumenical_altar_leap_of_faith

Skill      XL: |  1  2  3  4 |
---------------+-------------+-----
Maces & Flails | 1 |  1.7
Fighting       | 1 |  1.9
Transmutations | 1 |  1.0
Conjurations   | 1 |  1.4
Shields        | 1 |  1.0
Earth Magic    | 4 |  4.1
Armour         | 1 |  1.2
Dodging        | |  1.8
Stealth        | |  2.5
Spellcasting   | |  2.0

Action                   |  1- 3 |  4- 6 || total
-------------------------+-------+-------++-------
Melee: Mace              |    98 |    21 ||   119
       Flail             |       |     8 ||     8
 Cast: Sandblast         |    23 |    12 ||    35
       Passwall          |       |     2 ||     2
 Stab: Sleeping          |     6 |       ||     6
       Distracted        |     1 |       ||     1
Armor: Robe              |    43 |       ||    43
       Leather armour    |       |    11 ||    11
Dodge: Dodged            |    84 |    16 ||   100

Table legend: (Time is in decaauts)
 A = Elapsed time spent in this place.
 B = Non-inter-level travel time spent in this place.
 C = Inter-level travel time spent in this place.
 D = Time resting spent in this place.
 E = Time spent auto-exploring this place.
 F = Levels seen in this place.
 G = Mean time per level.
                   A        B        C        D        E       F      G
               +--------+--------+--------+--------+--------+-----+--------+
         Total |   2522 |   2442 |     80 |      0 |   1569 |   3 |  840.7 |
       Dungeon |   2522 |   2442 |     80 |      0 |   1569 |   3 |  840.7 |
               +--------+--------+--------+--------+--------+-----+--------+

Top non-repeatable levels by time:
     D:2: 1454 daAuts
     D:1: 878 daAuts
     D:3: 189 daAuts
